 Dungeon Crawl Stone Soup version 0.31-a0-543-geaa9c7a2c0 (webtiles) character file.

Game seed: 5081690477990513489

7 GordonOverkill the Sneak (level 2, -6/16 HPs)
             Began as a Vine Stalker Delver on Aug 15, 2023.
             Mangled by an iguana (12 damage)
             ... on level 5 of the Dungeon.
             The game lasted 00:02:11 (280 turns).

GordonOverkill the Sneak (Vine Stalker Delver)       Turns: 280, Time: 00:02:12

Health: -6/16      AC:  3    Str: 14    XL:     2   Next: 0%
Magic:  0/3        EV: 11    Int: 10    God:
Gold:   23         SH:  0    Dex: 15    Spells: 1/1 levels left

rFire   . . .        a - +0 mace
rCold   . . .        (no shield)
rNeg    . . .        b - +0 leather armour
rPois   .            (no helmet)
rElec   .            (no cloak)
rCorr   .            (no gloves)
SInv    .            (no boots)
Will    .....        (no amulet)
Stlth   +++          (no ring)
HPRegen 0.22/turn    (no ring)
MPRegen 0.08/turn

%: guardian spirit
@: no status effects
A: fangs 2, magic shield, antimagic bite, no potion heal 2
a: no special abilities


You were on level 5 of the Dungeon.
You visited 1 branch of the dungeon, and saw 2 of its levels.

You collected 23 gold pieces.

Inventory:

Hand Weapons
 a - a +0 mace (weapon)
Armour
 b - a +0 leather armour (worn)
Magical Staves
 e - a staff of conjuration
Wands
 g - a wand of digging (3)
Scrolls
 c - a scroll of fog
 d - a scroll of revelation
 h - 2 scrolls of teleportation {unknown}
 i - a scroll of fear
 j - 2 scrolls of identify {unknown}
 k - a scroll of blinking {unknown}
Potions
 f - a potion of haste


   Skills:
 + Level 3.1 Fighting
 - Level 1.7 Maces & Flails
 - Level 1.5 Dodging
 - Level 6.0 Stealth


You had one spell level left.
You didn't know any spells.
Your spell library was empty.

Dungeon Overview and Level Annotations

Branches:
Dungeon (6/15)
 Temple: D:4-7

Altars:
Qazlal

Shops:
D:5 [

Portals:
Sewer: D:5


Innate Abilities, Weirdness & Mutations

You have extremely sharp teeth.
When hurt, damage is shared between your health and your magic reserves.
Your bite disrupts and absorbs the magic of your enemies.
Potions cannot restore your health.


Message History

You kill the quokka!
You hear the brisk rusting of a drain.
There is a glowing drain here.
The giant cockroach barely misses you.
You hit the giant cockroach.
You kill the giant cockroach!
You have reached level 2!
Why would you want to do that?
You see here a giant cockroach corpse.
Why would you want to do that?
You enter the shallow water.
Moving in this stuff is going to be slow.
You enter the shallow water.
Moving in this stuff is going to be slow.
You enter the shallow water.
Moving in this stuff is going to be slow.
An iguana comes into view.
The iguana hisses angrily.
You enter the shallow water.
Moving in this stuff is going to be slow.
You enter the shallow water.
Moving in this stuff is going to be slow.
You enter the shallow water.
Moving in this stuff is going to be slow.
Why would you want to do that?
You see here a giant cockroach corpse.
There is a glowing drain here.
You hit the iguana. You bite the iguana, but do no damage.
The iguana is moderately wounded.
The iguana bites you.
You closely miss the iguana.
The iguana is moderately wounded.
The iguana bites you!
Ouch! That really hurt!
* * * LOW HITPOINT WARNING * * *
You hit the iguana. You bite the iguana, but do no damage.
The iguana is severely wounded.
The iguana bites you!
Ouch! That really hurt!
You die...

.... #...# #... ##.##
####..# ##.# ##....#
#########..# ......#
##.~.~~.~~.~# ......#
#~~≈≈≈≈≈≈.~##
......######..#########
...........#..≈≈≈≈≈≈##
...........##~†l@..~~##
............##≈≈≈≈≈≈†.#
)..........#########..#
>..........#~.≈≈≈≈≈≈.~#
.>..#......~~~.~~~~~~##
#####.......~.########
#.......### #########


You could see an iguana.

Vanquished Creatures
  3 giant cockroaches (D:5)
  2 quokkas (D:5)
5 creatures vanquished.

Notes
Turn   | Place    | Note
-------+----------+-------------------------------------------
     0 | D:5      | GordonOverkill the Vine Stalker Delver began the quest for
                  | the Orb.
     0 | D:5      | Reached XP level 1. HP: 11/11 MP: 2/2
     0 | D:5      | Found Uguogh's Antique Armour Emporium.
    27 | D:6      | Found a stormy altar of Qazlal.
    38 | D:6      | Noticed an iguana
    72 | D:6      | Noticed a black bear
   160 | D:6      | Noticed a wight
   160 | D:6      | Noticed a wight
   160 | D:6      | Noticed a wight
   160 | D:6      | Noticed a wight
   219 | D:5      | Found a glowing drain.
   247 | D:5      | Reached XP level 2. HP: 16/16 MP: 3/3
   280 | D:5      | Mangled by an iguana

Illustrated notes

Levels and vault maps discovered:
D:5:      layout_rooms, dancing_weapons_uskayaw, gup_sewer_entry_pipe,
          serial_shops, nicolae_shop_rolling_square, shop,
          nicolae_shop_tiny_glass, nicolae_shop_tiny_waterfront
D:6:      layout_basic, lemuel_coloured_pillars_altar,
          mainiacjoe_overflow_chevrons, serial_glass, glass_columns_b,
          glass_columns_c, minivault_22

Skill      XL: |  1 |
---------------+----+-----
Fighting       | 3 |  3.1
Maces & Flails | |  1.7
Dodging        | |  1.5
Stealth        | |  6.0

Action                     || total
---------------------------++-------
  Melee: Mace              ||    12
         Bite              ||     2
   Stab: Sleeping          ||     1
 Armour: Leather armour    ||     1
  Dodge: Dodged            ||     5

Table legend: (Time is in decaauts)
 A = Elapsed time spent in this place.
 B = Non-inter-level travel time spent in this place.
 C = Inter-level travel time spent in this place.
 D = Time resting spent in this place.
 E = Time spent auto-exploring this place.
 F = Levels seen in this place.
 G = Mean time per level.
                   A        B        C        D        E       F      G
               +--------+--------+--------+--------+--------+-----+--------+
         Total |    303 |    282 |     21 |     16 |      0 |   2 |  151.5 |
       Dungeon |    303 |    282 |     21 |     16 |      0 |   2 |  151.5 |
               +--------+--------+--------+--------+--------+-----+--------+

Top non-repeatable levels by time:
     D:5: 167 daAuts
     D:6: 135 daAuts
